 Dungeon Crawl Stone Soup version 0.22.1-2-g9c5b331383 (webtiles) character file.

46 Gargoyl the Skirmisher (level 3, -3/31 HPs)
             Began as a Centaur Abyssal Knight on Jan 2, 2019.
             Was a Follower of Lugonu.
             Slain by a gnoll
             ... wielding a +0 flail
              (8 damage)
             ... on level 2 of the Dungeon.
             The game lasted 00:03:07 (1937 turns).

Gargoyl the Skirmisher (Centaur Abyssal Knight)     Turns: 1937, Time: 00:03:07

Health: -3/31      AC:  4    Str: 14    XL:     3   Next: 44%
Magic:  4/4        EV:  8    Int: 11    God:    Lugonu [*.....]
Gold:   85         SH:  2    Dex:  9    Spells: 2/2 levels left

rFire    . . .     SeeInvis .   a - +1 hand axe
rCold    . . .     Gourm    .   h - +0 buckler
rNeg     . . .     Faith    .   b - +0 leather armour
rPois    .         Spirit   .   (no helmet)
rElec    .         Reflect  .   (no cloak)
rCorr    .         Harm     .   (no gloves)
MR       .....                  (no barding)
Stlth    ..........             (no amulet)
HPRegen  0.10/turn              (no ring)
MPRegen  0.09/turn              (no ring)

@: very quick
A: large, hooves 3, deformed body, speed 2, screaming 1, tough skin 3
a: Depart the Abyss, Renounce Religion


You were on level 2 of the Dungeon.
You worshipped Lugonu.
Lugonu was aware of your devotion.
You were very hungry.

You visited 1 branch of the dungeon, and saw 2 of its levels.
You visited the Abyss 1 time.

You collected 85 gold pieces.

Inventory:

Hand Weapons
 a - a +1 hand axe (weapon)
 d - a +0 triple crossbow
Armour
 b - a +0 leather armour (worn)
 h - a +0 buckler (worn)
Scrolls
 f - a scroll of magic mapping {unknown}
 j - 2 scrolls of identify
Potions
 e - a potion of curing {unknown}
 g - a potion of cancellation {unknown}
 i - a potion of mutation {unknown}
Comestibles
 c - 4 rations


   Skills:
 + Level 3.4 Fighting
 + Level 2.3 Axes
 * Level 2.0 Armour
 + Level 0.9 Dodging
 * Level 2.2 Invocations


You had 2 spell levels left.
You didn't know any spells.
Your spell library was empty.

Dungeon Overview and Level Annotations

Branches:
Dungeon (2/15)

Altars:
Gozag


Innate Abilities, Weirdness & Mutations

You have hooves in place of feet.
Armour fits poorly on your strangely shaped body.
You cover ground very quickly.
You have extremely tough skin. (AC +3)
You occasionally shout uncontrollably at your foes.


Message History

You hit the gnoll. The gnoll hits you with a flail!
The gnoll hits you with a flail. x2
Unknown command.
You slash the gnoll!
You kill the gnoll!
Lugonu accepts your kill.
Your shield and leather armour prevent you from hitting the gnoll.
You hit the gnoll. The gnoll hits you with a club. The gnoll barely misses you.
Unknown command.
You hit the gnoll but do no damage.
The gnoll is moderately wounded.
You hit the gnoll but do no damage. You block the gnoll's attack.
The gnoll hits you with a flail.
Unknown command.
You hit the gnoll but do no damage.
The gnoll is moderately wounded.
You hit the gnoll. The gnoll hits you with a club.
* * * LOW HITPOINT WARNING * * *
The gnoll hits you with a flail!
You die...

......#_..# #.#.# #.#.
..........# #.#.# #.##
..........# #.#.###.##
##........# #.......##
#.........# #.......##
#.........#+#รท......##
#.....?.............##
.##...gg..............##
......)@.............###
.##........>.........# #
#........#...#.....# #
#........#...#.....# #
#........#...##.#.## #
#........#...##.#.####
###.#####.....#.......
#. .................
.......#.........


You could see 2 gnolls.

Vanquished Creatures
  A gnoll (D:2)
  An adder (D:2)
  An adder zombie (D:1)
  2 leopard geckos
  2 goblins
  2 hobgoblins (D:1)
  A quokka (D:2)
  A ball python (D:1)
  A ball python zombie (D:1)
  4 bats
  3 kobolds
  7 rats
26 creatures vanquished.

Notes
Turn   | Place    | Note
-------+----------+-------------------------------------------
     0 | Abyss:1  | Gargoyl the Centaur Abyssal Knight began the quest for the
                  | Orb.
     0 | Abyss:1  | Reached XP level 1. HP: 19/19 MP: 2/2
    13 | Abyss:2  | Noticed a neqoxec
    19 | Abyss:2  | Gained mutation: You occasionally shout uncontrollably at
                  | your foes. [a neqoxec]
    79 | Abyss:2  | Found a deep blue altar of Sif Muna.
    84 | Abyss:2  | Noticed a smoke demon
    90 | D:1      | Escaped the Abyss
   109 | D:1      | You fall through a shaft!
   651 | D:1      | Reached XP level 2. HP: 10/26 MP: 3/3
  1401 | D:2      | Reached * piety under Lugonu
  1649 | D:2      | Reached XP level 3. HP: 17/31 MP: 4/4
  1924 | D:2      | Found an opulent altar of Gozag.
  1937 | D:2      | Slain by a gnoll

Skill      XL: |  1  2 |
---------------+-------+-----
Axes           | 2 |  2.3
Armour         | 2 |  2.0
Fighting       | |  3.4
Dodging        | |  0.9
Invocations    | |  2.2

Action                   || total
-------------------------++-------
Melee: Hand axe          ||    83
       Kick              ||    10
Invok: Depart the Abyss  ||     1
  Use: Scroll            ||     6
  Eat: Chunk             ||     1
Armor: Leather armour    ||    33
Dodge: Dodged            ||    49
Block: Buckler           ||     3
